 Dungeon Crawl Stone Soup version 0.30-a0-772-g5528072125 (webtiles) character file.

Game seed: 2060363815263730454

88 tio the Firebug (level 4, 0/32 HPs)
             Began as a Human Wanderer on Feb 12, 2023.
             Slain by a gnoll
             ... wielding a +0 club
              (5 damage)
             ... on level 2 of the Dungeon.
             The game lasted 00:16:39 (2141 turns).

tio the Firebug (Human Wanderer)                    Turns: 2141, Time: 00:16:40

Health: 0/32       AC:  3    Str: 11    XL:     4   Next: 81%
Magic:  6/6        EV: 11    Int: 13    God:
Gold:   71         SH:  0    Dex: 15    Spells: 5/6 levels left

rFire   . . .      SeeInvis .    m - +0 quarterstaff
rCold   . . .      Faith    .    (shield currently unavailable)
rNeg    . . .      Spirit   .    (no body armour)
rPois   .          Reflect  .    e - +0 helmet
rElec   .          Harm     .    (no cloak)
rCorr   .          Rampage  .    (no gloves)
Will    .....                    b - +1 pair of boots
Stlth   ++                       (no amulet)
HPRegen 0.25/turn                (no ring)
MPRegen 0.10/turn                (no ring)

@: no status effects
A: no striking features
a: no special abilities


You were on level 2 of the Dungeon.
You visited 1 branch of the dungeon, and saw 2 of its levels.

You collected 71 gold pieces.

Inventory:

Hand Weapons
 a - a +0 short sword
 m - a +0 quarterstaff (weapon)
Armour
 b - a +1 pair of boots (worn)
 d - a +0 leather armour
 e - a +0 helmet (worn)
Jewellery
 l - a +4 ring of slaying
Scrolls
 f - a scroll of teleportation {unknown}
 g - a scroll of identify {unknown}
 n - a scroll of immolation {unknown}
 p - a scroll of noise {unknown}
Potions
 h - 2 potions of flight {unknown}
 i - a potion of brilliance {unknown}
 j - a potion of curing {unknown}
 k - 2 potions of mutation {unknown}
 o - a potion of heal wounds {unknown}
 q - a potion of haste {unknown}


   Skills:
 + Level 1.4 Fighting
 + Level 2.3 Short Blades
 + Level 1.0 Staves
 + Level 0.4 Dodging
 + Level 3.4 Stealth
 + Level 1.5 Spellcasting
 + Level 1.0 Conjurations
 + Level 3.7 Fire Magic


You had 5 spell levels left.
You knew the following spells:

 Your Spells              Type           Power      Damage    Failure   Level
a - Foxfire               Conj/Fire      28%        2x1d5     10%         1

Your spell library contained the following spells:

 Spells                   Type           Power      Damage    Failure   Level
 Sandblast                Erth           2%         2d4       26%         1
 Passwall                 Tmut/Erth      0%         N/A       38%         2
 Ignite Poison            Fire/Tmut/Pois 4%         N/A       43%         3
 Stone Arrow              Conj/Erth      4%         3d7       54%         3
 Flame Wave               Conj/Fire      7%         2d5       69%         4


Dungeon Overview and Level Annotations

Branches:
Dungeon (2/15)

Altars:
Sif Muna


Message History

You conjure some foxfire!
The gnoll shouts!
What are your orders? t - Shout!
Orders for allies: a - Attack new target. r - Retreat! s - Stop attacking. g - Guard the area. f - Follow me.
Anything else - Cancel.
Gang up on whom?
Press: ? - help, Dir - move target, f - gnoll
Aim: a gnoll, wielding a +0 whip (ally target) Attack!
The foxfire hits the gnoll.
The gnoll is moderately wounded.
The gnoll closely misses you.
You hit the gnoll.
The gnoll is severely wounded.
The foxfire hits the gnoll.
The gnoll is almost dead.
The gnoll closely misses you. The gnoll hits you with a +0 club.
You sock the gnoll!
You kill the gnoll!
The gnoll misses you.
The gnoll hits you from afar with a +1 halberd of freezing!
The gnoll freezes you.
* * * LOW HITPOINT WARNING * * *
The gnoll attacks as you move away! The gnoll hits you with a +0 club.
* * * LOW HITPOINT WARNING * * *
The gnoll throws a throwing net.
The throwing net hits you.
You become entangled in the net!
Things that are here:
a throwing net; a +0 whip; a gnoll corpse You are too injured to fight recklessly!
Blink to where?
Press: ? - help, Q - select action, (/) - cycle Dir - move target
As you read the scroll of blinking, it crumbles to dust.
The gnoll attacks as you move away! The gnoll closely misses you.
The gnoll attacks as you move away! The gnoll hits you with a +0 club.
* * * LOW HITPOINT WARNING * * *
The gnoll attacks as you move away! The gnoll hits you with a +0 club.
You die...

######## #......# #.####.#
#.# #.# # #.# #.# # #####
#.####.# #####...# #.g....#
##......######..g...#
##...........#..@...#
.'...........+..>##.########
##...........###.##(........
##....##.........###########
##....##.........#
##....##.........#
.......+.........#
########...).....#
...........#


You could see 2 gnolls.

Vanquished Creatures
  Natasha (D:2)
  An adder (D:2)
  A gnoll (D:2)
  2 dart slugs (D:2)
  5 endoplasms
  6 goblins
  A hobgoblin (D:1)
  3 jackals (D:2)
  4 kobolds
  A quokka (D:2)
  7 ball pythons
  2 bats
  3 frilled lizards
  2 rats (D:1)
39 creatures vanquished.

Vanquished Creatures (others)
  66 foxfires
66 creatures vanquished.

Grand Total: 105 creatures vanquished

Notes
Turn   | Place    | Note
-------+----------+-------------------------------------------
     0 | D:1      | tio the Human Wanderer began the quest for the Orb.
     0 | D:1      | tio set off with the following items: a +0 short sword, a
                  | +0 pair of boots, a scroll of blinking, a +0 leather
                  | armour; and the following spell memorised: Foxfire; and the
                  | following spells available to memorise: Ignite Poison,
                  | Flame Wave.
     0 | D:1      | Reached XP level 1. HP: 15/15 MP: 2/2
   237 | D:1      | Reached XP level 2. HP: 19/21 MP: 1/3
   368 | D:1      | Found a faded altar of an unknown god.
   492 | D:1      | You fall into a shaft and drop 1 floor!
  1265 | D:1      | Reached XP level 3. HP: 26/26 MP: 1/4
  1864 | D:2      | Found a shimmering blue altar of Sif Muna.
  1879 | D:2      | Reached XP level 4. HP: 32/32 MP: 1/5
  1969 | D:2      | Noticed Natasha
  1981 | D:2      | Killed Natasha
  1982 | D:2      | Reached skill level 1 in Staves
  1982 | D:2      | Reached skill level 1 in Conjurations
  2141 | D:2      | Slain by a gnoll

Illustrated notes

Levels and vault maps discovered:
D:1:      psy_arrival_radial02, layout_loops_corners,
          shapermc_ecumenical_altar_starsandcircs, minmay_shallow_snake_nest
D:2:      layout_basic, serial_curves, eino_curves_01, eino_curves_03,
          basic_altar, uniq_natasha

Skill      XL: |  1  2  3  4 |
---------------+-------------+-----
Staves         | 1 |  1.0
Conjurations   | 1 |  1.0
Fighting       | |  1.4
Short Blades   | |  2.3
Dodging        | |  0.4
Stealth        | |  3.4
Spellcasting   | |  1.5
Fire Magic     | |  3.7

Action                     |  1- 3 |  4- 6 || total
---------------------------+-------+-------++-------
  Melee: Short sword       |    28 |       ||    28
         Quarterstaff      |    27 |     7 ||    34
   Cast: Foxfire           |    34 |     8 ||    42
    Use: Scroll            |     4 |     1 ||     5
 Armour: Skin              |    12 |     1 ||    13
  Dodge: Dodged            |    38 |     8 ||    46

Table legend: (Time is in decaauts)
 A = Elapsed time spent in this place.
 B = Non-inter-level travel time spent in this place.
 C = Inter-level travel time spent in this place.
 D = Time resting spent in this place.
 E = Time spent auto-exploring this place.
 F = Levels seen in this place.
 G = Mean time per level.
                   A        B        C        D        E       F      G
               +--------+--------+--------+--------+--------+-----+--------+
         Total |   2145 |   2034 |    111 |      0 |   1717 |   2 | 1072.5 |
       Dungeon |   2145 |   2034 |    111 |      0 |   1717 |   2 | 1072.5 |
               +--------+--------+--------+--------+--------+-----+--------+

Top non-repeatable levels by time:
     D:1: 1525 daAuts
     D:2: 620 daAuts
